 Dungeon Crawl Stone Soup version 0.29-a0-330-g52719c12eb (webtiles) character file.

Game seed: 15127168697340236554

5690 TotomoII the Basher (level 10, -10/118 HPs)
             Began as a Minotaur Fighter on May 9, 2022.
             Was an Elder of Makhleb.
             Mangled by an orc warlord
             ... wielding a +0 glaive
              (24 damage)
             ... in a bailey.
             The game lasted 00:35:27 (5138 turns).

TotomoII the Basher (Minotaur Fighter)              Turns: 5138, Time: 00:35:28

Health: -10/118    AC: 12    Str: 25    XL:     10   Next: 47%
Magic:  9/9        EV: 12    Int:  5    God:    Makhleb [****..]
Gold:   62         SH:  5    Dex: 10    Spells: 9/9 levels left

rFire   + . .      SeeInvis .   m - +6 shillelagh "Devastator" {shatter}
rCold   . . .      Faith    .   c - +0 buckler
rNeg    + . .      Spirit   .   r - +1 ring mail {rF+}
rPois   +          Reflect  .   (helmet restricted)
rElec   .          Harm     .   w - +2 cloak {rPois}
rCorr   .          Rampage  .   (no gloves)
Will    .....                   s - +0 pair of boots
Stlth   ..........              p - amulet of regeneration
HPRegen 1.09/turn               x - ring of positive energy
MPRegen 0.11/turn               y - ring of poison resistance

@: berserking, very quick
A: horns 2, retaliatory headbutt, frail 1
a: Renounce Religion, Minor Destruction, Lesser Servant of Makhleb, Major
Destruction


You were in a bailey.
You worshipped Makhleb.
Makhleb was greatly pleased with you.
You visited 1 branch of the dungeon, and saw 9 of its levels.
You also visited: Bailey.

You collected 322 gold pieces.
You spent 260 gold pieces at shops.

Inventory:

Hand Weapons
 a - a +2 long sword of venom
 m - the +6 shillelagh "Devastator" (weapon) {shatter}
   (You found it on level 3 of the Dungeon)

   It releases a powerful concussive burst when it strikes, dealing extra damage
   to the target and all other foes adjacent to them.
Missiles
 h - 5 javelins (quivered)
Armour
 c - a +0 buckler (worn)
 r - a +1 ring mail of fire resistance (worn)
 s - a +0 pair of boots (worn)
 w - a +2 cloak of poison resistance (worn)
Jewellery
 k - an amulet of reflection
 p - an amulet of regeneration (around neck)
 x - a ring of positive energy (left hand)
 y - a ring of poison resistance (right hand)
Wands
 f - a wand of polymorph (3)
 n - a wand of charming (2)
 z - a wand of acid (6)
 D - a wand of digging (6)
Scrolls
 g - 2 scrolls of fog
 i - 5 scrolls of teleportation
 t - 2 scrolls of vulnerability
 u - a scroll of torment {unknown}
 B - 2 scrolls of enchant weapon
 E - a scroll of brand weapon
 F - a scroll of blinking
Potions
 d - 3 potions of might
 j - a potion of lignification
 l - 2 potions of magic
 o - 2 potions of degeneration {unknown}
 q - a potion of flight {unknown}
 v - 2 potions of curing
 A - a potion of invisibility {unknown}
 C - a potion of brilliance {unknown}
 G - a potion of resistance {unknown}


   Skills:
 + Level 7.9 Fighting
 + Level 5.1 Long Blades
 + Level 11.9 Maces & Flails
 + Level 2.6 Throwing
 + Level 8.7 Armour
 + Level 5.1 Dodging
 + Level 2.1 Stealth
 + Level 5.7 Shields
 + Level 1.0 Invocations


You had 9 spell levels left.
You didn't know any spells.
Your spell library contained the following spells:

 Spells                   Type           Power      Damage    Failure   Level
 Sandblast                Erth           0%         2d4       69%         1
 Passwall                 Tmut/Erth      0%         N/A       83%         2
 Dazzling Flash           Conj/Hex       0%         N/A       96%         3
 Stone Arrow              Conj/Erth      0%         3d7       96%         3
 Agony                    Necr           0%         N/A       100%        5
 Silence                  Hex/Air        0%         N/A       100%        5


Dungeon Overview and Level Annotations

Branches:
Dungeon (9/15)             Temple (0/1) D:7            Lair (0/6) D:9
 Bailey (1/1)
    Orc: D:9-12

Altars:
Ashenzari
Elyvilon
Fedhas
Makhleb
Uskayaw
Yredelemnul

Shops:
D:6 *=   D:9 *


Innate Abilities, Weirdness & Mutations

You have a pair of horns on your head.
You reflexively headbutt those who attack you in melee.
You are frail. (-10% HP)


Message History

You kill the hobgoblin!
Makhleb accepts your kill.
You feel better.
The orc warlord is moderately wounded.
The orc warrior is severely wounded.
You block the orc warrior's attack.
You closely miss the orc warrior.
The orc warrior is severely wounded.
The orc warlord hits you with a +0 glaive!!
* * * LOW HITPOINT WARNING * * *
You feel much better.
The orc warrior hits you with a +0 war axe!
* * * LOW HITPOINT WARNING * * *
The orc warlord hits you with a +0 glaive!!
* * * LOW HITPOINT WARNING * * *
You feel much better.
The orc warrior hits you with a +0 war axe!
* * * LOW HITPOINT WARNING * * *
The orc warlord hits you with a +0 glaive!
* * * LOW HITPOINT WARNING * * *
A red film seems to cover your vision as you go berserk!
You feel yourself moving faster!
You feel mighty!
The orc warrior hits you with a +0 war axe!
* * * LOW HITPOINT WARNING * * *
The orc warlord closely misses you.
You bludgeon the orc warrior!!
The orc warlord shudders.
You kill the orc warrior!
Makhleb accepts your kill.
You feel better.
The orc warlord hits you with a +0 glaive.
* * * LOW HITPOINT WARNING * * *
Your Invocations skill increases to level 1!
You barely miss the orc warlord.
The orc warlord is moderately wounded.
You bludgeon the orc warlord!!
The orc warlord shudders.
The orc warlord is severely wounded.
You headbutt the orc warlord, but do no damage.
The orc warlord is severely wounded.
The orc warlord hits you with a +0 glaive!!
You die...

........#...........#
.......###.......))###
.....###.###.....#)#.###
##.###
...###.###.....### .###
.....###.........## ..#
.....##8..........# ..#
......#8..........# ..#
......))o...⌠....∩# ..#
......#8@.........# ..#
g.g.. #8..........# .###
.o.. ###...).....##
##.###
...###.###.)...###
.....###.###.....#)#.###
.......###........)###
........#...........#
........#...........#
..⌠.....#.....⌠.....#


You could see an orc warlord.

Vanquished Creatures
  3 death yaks (D:9)
  A wyvern (D:7)
  2 steam dragons
  Menkaure (D:7)
  15 orc warriors (Bailey)
  An ogre (D:7)
  3 phantoms
  2 centaurs
  A kobold brigand (D:6)
  A bullfrog (D:6)
  2 gnoll sergeants
  2 necrophages
  2 scorpions (D:5)
  An electric eel (D:6)
  4 howler monkeys
  2 hounds
  A jelly (D:6)
  Crazy Yiuf (D:7)
  4 orc priests
  5 iguanas
  4 orc wizards
  2 hell rats (D:9)
  15 gnolls
  8 adders
  A river rat (D:9)
  A shadow imp (D:5)
  5 ufetubi
  4 worms
  5 dart slugs
  14 orcs
  2 bats (D:2)
  4 endoplasms
  17 giant cockroaches
  15 hobgoblins
  5 jackals
  9 kobolds
  3 quokkas
  4 ball pythons
  5 frilled lizards
  14 goblins
  A rat (D:1)
192 creatures vanquished.

Vanquished Creatures (others)
  4 plants (D:9)
4 creatures vanquished.

Grand Total: 196 creatures vanquished

Notes
Turn   | Place    | Note
-------+----------+-------------------------------------------
     0 | D:1      | TotomoII the Minotaur Fighter began the quest for the Orb.
     0 | D:1      | Reached XP level 1. HP: 19/19 MP: 0/0
   414 | D:1      | Reached XP level 2. HP: 27/27 MP: 1/1
  1023 | D:2      | Reached XP level 3. HP: 33/33 MP: 2/2
  1378 | D:2      | Identified the +1 robe of Ru's Generosity {Str+4 Stlth-}
  1669 | D:3      | Reached XP level 4. HP: 36/40 MP: 3/3
  1907 | D:3      | Found the +6 shillelagh "Devastator" {shatter}
  2149 | D:3      | Found a burning altar of Makhleb.
  2149 | D:3      | Found a basalt altar of Yredelemnul.
  2171 | D:3      | Found a faded altar of an unknown god.
  2177 | D:3      | Prayed at the altar of an unknown god.
  2177 | D:3      | Became a worshipper of Makhleb the Destroyer
  2177 | D:3      | Reached * piety under Makhleb
  2189 | D:3      | Found a broken altar of Ashenzari.
  2537 | D:4      | Reached XP level 5. HP: 37/46 MP: 4/4
  2541 | D:4      | Reached skill level 1 in Maces & Flails
  2825 | D:4      | Noticed a steam dragon
  2838 | D:4      | Killed a steam dragon
  2839 | D:4      | Reached skill level 5 in Long Blades
  2839 | D:4      | Reached skill level 2 in Maces & Flails
  2839 | D:4      | Reached skill level 5 in Armour
  2839 | D:4      | Reached skill level 1 in Dodging
  2839 | D:4      | Reached XP level 6. HP: 31/53 MP: 5/5
  3036 | D:4      | Reached skill level 3 in Maces & Flails
  3209 | D:5      | Entered Level 5 of the Dungeon
  3265 | D:5      | Found a blossoming altar of Fedhas.
  3272 | D:5      | Reached skill level 4 in Maces & Flails
  3272 | D:5      | Reached XP level 7. HP: 60/60 MP: 6/6
  3275 | D:5      | Reached skill level 5 in Fighting
  3283 | D:5      | Reached ** piety under Makhleb
  3286 | D:5      | Reached skill level 5 in Maces & Flails
  3578 | D:5      | Reached skill level 6 in Maces & Flails
  3578 | D:5      | Reached XP level 8. HP: 69/69 MP: 7/7
  3955 | D:6      | Reached skill level 7 in Maces & Flails
  3955 | D:6      | Reached skill level 1 in Stealth
  3986 | D:6      | Found a hide-covered altar of Uskayaw.
  4107 | D:6      | Reached *** piety under Makhleb
  4121 | D:6      | Found Giefuipso's Serpentskin Sales.
  4161 | D:6      | Bought a ring of poison resistance for 260 gold pieces
  4245 | D:6      | Found a white marble altar of Elyvilon.
  4324 | D:6      | Reached skill level 8 in Maces & Flails
  4371 | D:6      | Found Kirukiqa's Jewellery Boutique.
  4428 | D:7      | Found a staircase to the Ecumenical Temple.
  4429 | D:7      | Noticed Menkaure
  4444 | D:7      | Killed Menkaure
  4537 | D:7      | Found a runed translucent door.
  4538 | D:7      | Noticed Crazy Yiuf
  4542 | D:7      | Killed Crazy Yiuf
  4588 | D:7      | Reached XP level 9. HP: 69/78 MP: 8/8
  4616 | D:7      | You fall into a shaft and drop 2 floors!
  4624 | D:9      | Reached skill level 9 in Maces & Flails
  4666 | D:9      | Noticed a death yak
  4668 | D:9      | Noticed a death yak
  4672 | D:9      | Noticed a death yak
  4682 | D:9      | Killed a death yak
  4683 | D:9      | Reached skill level 10 in Maces & Flails
  4683 | D:9      | Reached skill level 1 in Throwing
  4683 | D:9      | Reached skill level 5 in Shields
  4685 | D:9      | Killed a death yak
  4690 | D:9      | Killed a death yak
  4691 | D:9      | Reached skill level 11 in Maces & Flails
  4691 | D:9      | Reached XP level 10. HP: 81/86 MP: 9/9
  4705 | D:9      | Found a staircase to the Lair.
  4711 | D:9      | Found Duisch's Assorted Antiques.
  4866 | D:8      | Found a flagged portal.
  4879 | Bailey   | Entered a bailey
  4939 | Bailey   | Reached **** piety under Makhleb
  4946 | Bailey   | Reached skill level 5 in Dodging
  5109 | Bailey   | Noticed an orc warlord
  5129 | Bailey   | Gained mutation: You are frail. (-10% HP) [a neqoxec]
  5137 | Bailey   | Reached skill level 1 in Invocations
  5138 | Bailey   | Mangled by an orc warlord

Illustrated notes

Levels and vault maps discovered:
D:1:      dpeg_arrival_radiant, layout_loops_ring
D:2:      minmay_roachtagon, layout_rooms
D:3:      layout_basic, old_standard_altar, gammafunk_temple_overflow_wave,
          basic_ecumenical_altar, kennysheep_generic_room_11
D:4:      layout_loops_corners
D:5:      layout_basic, nicolae_overflow_crystal_walls
D:6:      layout_cave_pools, nicolae_elyvilon_temple_path,
          nicolae_uskayaw_murder_on_the_dancefloor, serial_shops,
          nicolae_shop_window_shopping, guppyfry_shop_venom
D:7:      layout_rooms, mainiacjoe_overflow_boulevard,
          minmay_temple_entry_glass, hellmonk_bongcloud_opening,
          uniq_crazy_yiuf_cottage, uniq_menkaure
D:8:      layout_cave_pods, nicolae_qazlal_style_of_elements, enter_bailey_4,
          eino_jars
D:9:      layout_stronghold, nicolae_dithmenos_the_darkroom, tso_metal_star,
          dpeg_lair_monsters, serial_shops, nicolae_shop_overgrown_old_shop,
          kennysheep_windowed_goal
Bailey:   bailey_axe_minmay_hex_keep, bailey

Skill      XL: |  1  2  3  4  5  6  7  8  9 10 |
---------------+-------------------------------+-----
Armour         | 4 5 6 7 8 |  8.7
Fighting       | 4 5 6 7 |  7.9
Shields        | 4 5 |  5.7
Long Blades    | 3 4 5 |  5.1
Maces & Flails | 2 4 6 8 11 | 11.9
Dodging        | 1 2 3 4 5 |  5.1
Stealth        | 1 2 |  2.1
Throwing       | 1 2 |  2.6
Invocations    | 1 |  1.0

Action                   |  1- 3 |  4- 6 |  7- 9 | 10-12 || total
-------------------------+-------+-------+-------+-------++-------
Melee: Long sword        |   122 |     2 |       |       ||   124
       Headbutt          |    12 |     7 |    14 |    15 ||    48
       Shillelagh        |       |    46 |   106 |    64 ||   216
Throw: Javelin           |       |       |     5 |    19 ||    24
Invok: Lesser Servant of |       |       |     1 |     1 ||     2
  Use: Scroll            |     4 |     4 |     7 |       ||    15
       Potion            |       |     1 |     1 |     4 ||     6
Armor: Scale mail        |    57 |    10 |       |       ||    67
       Ring mail         |       |     7 |    19 |     6 ||    32
Dodge: Dodged            |    55 |    22 |    37 |    10 ||   124
Block: Buckler           |    25 |     6 |    19 |     7 ||    57

Table legend: (Time is in decaauts)
 A = Elapsed time spent in this place.
 B = Non-inter-level travel time spent in this place.
 C = Inter-level travel time spent in this place.
 D = Time resting spent in this place.
 E = Time spent auto-exploring this place.
 F = Levels seen in this place.
 G = Mean time per level.
                   A        B        C        D        E       F      G
               +--------+--------+--------+--------+--------+-----+--------+
         Total |   5179 |   5061 |    118 |     16 |   3909 |  10 |  517.9 |
       Dungeon |   4925 |   4807 |    118 |     16 |   3779 |   9 |  547.2 |
        Bailey |    253 |    253 |      0 |      0 |    130 |   1 |  253.0 |
               +--------+--------+--------+--------+--------+-----+--------+

Top non-repeatable levels by time:
     D:4: 937 daAuts
     D:1: 841 daAuts
     D:2: 796 daAuts
     D:3: 684 daAuts
     D:5: 642 daAuts
     D:6: 569 daAuts
  Bailey: 253 daAuts
     D:7: 192 daAuts
     D:8: 142 daAuts
     D:9: 117 daAuts
